[Event "December 5 Early 2023"]
[Site "https://www.chess.com"]
[Date "2023.12.05"]
[Round "4"]
[White "Pranav, V"]
[Black "Kuzubov, Yuriy"]
[Result "0-1"]
[Board "6"]
[TimeControl "180+1"]
[WhiteFideId "25060783"]
[BlackFideId "14112906"]
[WhiteElo "3077"]
[BlackElo "2851"]
[WhiteTeam "IND"]
[BlackTeam "UKR"]
[WhiteClock "0:00:01"]
[BlackClock "0:00:05"]

1. e4 e5 2. Nf3 Nf6 3. Nxe5 d6 4. Nf3 Nxe4 5. Nc3 Nf6 6. d4 g6 7. Bd3 Bg7 8. O-O O-O 9. h3 Re8 10. Bf4 Nc6 11. Qd2 Nb4 12. Bc4 d5 13. Bb3 c6 14. Rfe1 Bf5 15. g4 Be6 16. Bh6 Nd7 17. Bxg7 Kxg7 18. Ne2 Na6 19. Nf4 Nc7 20. c3 Nb5 21. Bc2 Nd6 22. Ng5 Nf8 23. Ngxe6+ Nxe6 24. Nxe6+ fxe6 25. Bd3 Qf6 26. Qe3 g5 27. Qg3 Rad8 28. Re2 Nf7 29. Rae1 Re7 30. Re3 Qf4 31. Qg2 Rde8 32. Rf3 Qd6 33. h4 e5 34. Rfe3 e4 35. Be2 gxh4 36. Rh3 Ng5 37. Rxh4 Rf8 38. Qh2 Qxh2+ 39. Rxh2 Ref7 40. c4 dxc4 41. Rh5 h6 42. Rf1 b5 43. Kg2 Ne6 44. Kg3 Nf4 45. Bd1 Nxh5+ 46. gxh5 Rf5 47. Bg4 Rg5 48. Re1 Re8 49. f4 Rd5 50. Rd1 Red8 51. Be6 Rxd4 52. Rg1 Kf6 53. f5 Ke5 54. Kh3 Rd3+ 55. Kh4 e3 56. Bf7 e2 57. Re1 R8d4# 0-1

[Event "December 5 Early 2023"]
[Site "https://www.chess.com"]
[Date "2023.12.05"]
[Round "4"]
[White "Aronian, Levon"]
[Black "Movsesian, Sergei"]
[Result "1-0"]
[Board "7"]
[TimeControl "180+1"]
[WhiteFideId "13300474"]
[BlackFideId "310204"]
[WhiteElo "3060"]
[BlackElo "2851"]
[WhiteTeam "USA"]
[BlackTeam "ARM"]
[WhiteClock "0:00:12"]
[BlackClock "0:00:00"]

1. e4 c5 2. Nf3 e6 3. c3 Nf6 4. Bd3 Nc6 5. Bc2 d5 6. e5 Nd7 7. d4 b6 8. a3 Ba6 9. b4 cxd4 10. cxd4 Rc8 11. Nbd2 Be7 12. Ba4 Bd3 13. Qb3 Bg6 14. Bb5 O-O 15. O-O f6 16. Bb2 fxe5 17. dxe5 Bg5 18. Bxc6 Rxc6 19. Nd4 Nxe5 20. Rae1 Bxd2 21. Rxe5 Qd7 22. Nxe6 Rxe6 23. Rxd5 Qf7 24. Rxd2 h6 25. Qg3 Be4 26. f3 Rg6 27. Qh3 Bc6 28. Kh1 Kh7 29. Qh4 Qf5 30. Qd4 Rf7 31. Qc3 Bb5 32. Re1 Rc6 33. Qe3 Rg6 34. Qf2 Qg5 35. Re5 Rf5 36. Rxf5 Qxf5 37. h3 Bc6 38. Qe3 Qh5 39. Qd3 Qg5 40. Rc2 Bb5 41. Qe4 1-0

[Event "December 5 Early 2023"]
[Site "https://www.chess.com"]
[Date "2023.12.05"]
[Round "4"]
[White "Finek, Vaclav"]
[Black "Le, Tuan Minh"]
[Result "0-1"]
[Board "8"]
[TimeControl "180+1"]
[WhiteFideId "23718293"]
[BlackFideId "12401153"]
[WhiteElo "2842"]
[BlackElo "3057"]
[WhiteTeam "CZE"]
[BlackTeam "VIE"]
[WhiteClock "0:00:00"]
[BlackClock "0:00:15"]

1. d4 d5 2. c4 c6 3. Nf3 Nf6 4. Qc2 dxc4 5. Qxc4 Bg4 6. Nbd2 Nbd7 7. g3 e6 8. Bg2 Be7 9. O-O O-O 10. Qb3 Qb6 11. Nc4 Qa6 12. Bd2 Rfd8 13. Rfc1 Nb6 14. e3 Nxc4 15. Rxc4 Qb6 16. Ne5 Bf5 17. Bb4 Re8 18. Bxe7 Qxb3 19. axb3 Rxe7 20. Rca4 a6 21. Rc1 Ne8 22. b4 Nd6 23. Ra3 f6 24. Nc4 Nxc4 25. Rxc4 Rd8 26. Ra5 e5 27. d5 Kf8 28. e4 cxd5 29. Rxd5 Rxd5 30. exd5 Rd7 31. Rc8+ Ke7 32. Rb8 Kd6 33. f4 exf4 34. gxf4 Bg6 35. Kf2 Bf7 36. Bh3 Rc7 37. Rd8+ Ke7 38. Rh8 Bxd5 39. Rxh7 Kf7 40. Rh5 Rc2+ 41. Kg3 Bc6 42. Rc5 Rxb2 43. Bf1 Rxb4 44. f5 Ke7 45. Rc3 a5 46. Rc5 a4 47. Ra5 Kd6 48. h4 b6 49. Ra7 Rb3+ 50. Kg4 a3 51. Rxg7 a2 52. Ra7 Rb4+ 53. Kh5 Ra4 0-1

[Event "December 5 Early 2023"]
[Site "https://www.chess.com"]
[Date "2023.12.05"]
[Round "4"]
[White "Oparin, Grigoriy"]
[Black "Klukin, Kirill"]
[Result "1-0"]
[Board "9"]
[TimeControl "180+1"]
[WhiteFideId "24125890"]
[BlackFideId "24199273"]
[WhiteElo "3055"]
[BlackElo "2840"]
[WhiteTeam "USA"]
[BlackTeam "RUS"]
[WhiteClock "0:00:08"]
[BlackClock "0:00:05"]

1. Nf3 c5 2. c4 Nc6 3. d4 cxd4 4. Nxd4 g6 5. e4 Bg7 6. Nc2 d6 7. Be2 Be6 8. O-O Rc8 9. Nd2 Nf6 10. Rb1 O-O 11. b3 a6 12. Bb2 Nd7 13. Bxg7 Kxg7 14. Ne3 Qa5 15. Qc1 Nd4 16. Bd1 Kg8 17. Qb2 Qe5 18. f4 Qc5 19. Kh1 Nf6 20. Rc1 b5 21. b4 Qa7 22. c5 dxc5 23. bxc5 Rfd8 24. f5 Bc4 25. Ndxc4 bxc4 26. e5 c3 27. Rxc3 Ne4 28. Rc4 Rb8 29. Qc1 Qc7 30. e6 f6 31. fxg6 hxg6 32. Ng4 Ng5 33. h4 Ngxe6 34. Qh6 Nf8 35. c6 Nf5 36. Qf4 Ng3+ 37. Kg1 Qb6+ 38. Qf2 Nxf1 39. c7 Qxf2+ 40. Kxf2 Rbc8 41. cxd8=Q Rxd8 42. Bb3 Nd2 43. Rd4+ Nxb3 44. Rxd8 Nc5 45. Rc8 Ne4+ 46. Ke3 Nd6 47. Ra8 a5 48. Kd4 Kf7 49. Rxa5 Ne6+ 50. Kd3 Nf4+ 51. Kc3 Nxg2 52. a4 Nxh4 53. Ra8 Nhf5 54. a5 Nb5+ 55. Kb4 Nfd6 56. a6 Ke6 57. Rb8 Na7 58. Kc5 Kf5 59. Nf2 g5 60. Rb7 Nac8 61. Rc7 g4 62. Nh1 e5 63. a7 Nxa7 64. Rxa7 Ne4+ 65. Kc4 g3 66. Rg7 Kf4 67. Kd3 f5 68. Ke2 Nc3+ 69. Kf1 Ne4 70. Kg2 Ke3 71. Nxg3 f4 72. Nxe4 Kxe4 73. Kf2 Kd3 74. Rf7 Ke4 75. Ke2 Kd4 76. Kf3 Kd5 77. Re7 Kd6 1-0

[Event "December 5 Early 2023"]
[Site "https://www.chess.com"]
[Date "2023.12.05"]
[Round "4"]
[White "Duda, Jan-Krzysztof"]
[Black "Vakhlamov, Igor L."]
[Result "1-0"]
[Board "10"]
[TimeControl "180+1"]
[WhiteFideId "1170546"]
[BlackFideId "24126748"]
[WhiteElo "3051"]
[BlackElo "2836"]
[WhiteTeam "POL"]
[BlackTeam "RUS"]
[WhiteClock "0:00:39"]
[BlackClock "0:00:14"]

1. e4 c5 2. Nf3 e6 3. b3 Nc6 4. Bb2 a6 5. g3 d5 6. exd5 exd5 7. Qe2+ Qe7 8. Qxe7+ Ngxe7 9. Bg2 Be6 10. d4 cxd4 11. Nxd4 Nxd4 12. Bxd4 Nf5 13. Bb2 Rc8 14. c3 Bc5 15. O-O O-O 16. Na3 b5 17. Nc2 Rfd8 18. Rad1 h5 19. Rfe1 Rd7 20. Rd2 Rcd8 21. Red1 h4 22. Kf1 hxg3 23. hxg3 Kf8 24. Bf3 Nd6 25. Nd4 Bh3+ 26. Bg2 Bxg2+ 27. Kxg2 Ne4 28. Re2 Rc7 29. Nf5 g6 30. Rxe4 gxf5 31. Re5 f4 32. Rdxd5 Rxd5 33. Rxd5 Ke7 34. Rxc5 Rxc5 35. Ba3 Kd6 36. g4 a5 37. Bxc5+ Kxc5 38. Kf3 b4 39. c4 Kd4 40. Kxf4 a4 41. g5 a3 42. c5 Kxc5 43. Ke5 Kc6 44. f4 Kc5 45. f5 Kc6 46. g6 Kc5 47. gxf7 Kb5 48. f8=Q Kb6 49. Qxb4+ Ka6 50. Qxa3+ Kb6 51. Qb2 Kb5 52. a3 Ka5 53. f6 Ka6 1-0

[Event "December 5 Early 2023"]
[Site "https://www.chess.com"]
[Date "2023.12.05"]
[Round "4"]
[White "Zemlyanskii, Ivan"]
[Black "Klekowski, Maciej"]
[Result "1-0"]
[Board "11"]
[TimeControl "180+1"]
[WhiteFideId "24249971"]
[BlackFideId "1132717"]
[WhiteElo "3015"]
[BlackElo "2835"]
[WhiteTeam "RUS"]
[BlackTeam "POL"]
[WhiteClock "0:00:03"]
[BlackClock "0:00:04"]

1. d4 Nf6 2. c4 e6 3. Bf4 c5 4. d5 exd5 5. cxd5 d6 6. e4 Be7 7. Nc3 O-O 8. h3 a6 9. a4 Re8 10. Nf3 Bf8 11. Bd3 c4 12. Bc2 Nbd7 13. O-O Qc7 14. a5 Ne5 15. Nxe5 dxe5 16. Be3 Bd7 17. Na4 Qxa5 18. Nb6 Qb4 19. Nxa8 Rxa8 20. f4 Bd6 21. fxe5 Bxe5 22. Bd4 Qd6 23. Qd2 Bh2+ 24. Kh1 Nh5 25. Qg5 Ng3+ 26. Kxh2 Nxf1+ 27. Kg1 Qg3 28. Qc1 Qh2+ 29. Kxf1 f5 30. Qe3 fxe4 31. Ke2 Rf8 32. Rg1 Bb5 33. Kd2 Qd6 34. Bxe4 Re8 35. Qf3 c3+ 36. Bxc3 Rf8 37. Qe3 Re8 38. Re1 Bc4 39. Qd4 Qc7 40. d6 Qf7 41. Bxh7+ Kxh7 42. Rxe8 Qxe8 43. Qxg7# 1-0

[Event "December 5 Early 2023"]
[Site "https://www.chess.com"]
[Date "2023.12.05"]
[Round "4"]
[White "Klimkowski, Jan"]
[Black "Matlakov, Maxim"]
[Result "0-1"]
[Board "12"]
[TimeControl "180+1"]
[WhiteFideId "21856222"]
[BlackFideId "4168003"]
[WhiteElo "2828"]
[BlackElo "2988"]
[WhiteTeam "POL"]
[BlackTeam "RUS"]
[WhiteClock "0:00:05"]
[BlackClock "0:00:05"]

1. e4 c5 2. Nf3 e6 3. d4 cxd4 4. Nxd4 Nc6 5. Nc3 Qc7 6. Nxc6 bxc6 7. Qd3 d5 8. Qg3 Qxg3 9. hxg3 Nf6 10. Be3 Bb4 11. exd5 cxd5 12. Bd4 Bd7 13. a3 Bd6 14. Nb5 Bb8 15. Bc5 Ne4 16. Be3 a6 17. Nc3 Nxc3 18. bxc3 Bd6 19. a4 Ke7 20. Kd2 h6 21. a5 Rhb8 22. Bb6 Rb7 23. c4 dxc4 24. Bxc4 Bc6 25. f3 Bxg3 26. Rab1 Bd6 27. Rb3 Rd7 28. Ke2 f5 29. Rd1 e5 30. Rbd3 Bb4 31. Rxd7+ Bxd7 32. Rb1 Bd6 33. Bd5 Rc8 34. Ke3 Rxc2 35. Kd3 Rxg2 36. Bb7 f4 37. Kc3 Bf5 38. Rd1 e4 39. fxe4 Be5+ 40. Kd3 Bg4 41. Re1 Rg3+ 42. Kc4 Be6+ 43. Bd5 Rc3+ 44. Kb4 g5 45. Rh1 Rh3 46. Rxh3 Bxh3 47. Bc4 Bc8 48. Kc5 f3 49. Bf1 g4 50. Kd5 Bh2 51. Bc5+ Ke8 52. e5 g3 53. e6 g2 54. Bd3 Bb7+ 55. Kc4 Bc6 56. Bg6+ Kd8 57. e7+ Kc7 58. Be4 Bb5+ 59. Kb4 g1=Q 60. Bxg1 Bxg1 61. Bxf3 Bh2 62. Be2 Bd6+ 63. Kb3 Bxe7 0-1

[Event "December 5 Early 2023"]
[Site "https://www.chess.com"]
[Date "2023.12.05"]
[Round "4"]
[White "Durarbayli, Vasif"]
[Black "BestStelker"]
[Result "1-0"]
[Board "13"]
[TimeControl "180+1"]
[WhiteFideId "13402935"]
[WhiteElo "2981"]
[BlackElo "2824"]
[WhiteTeam "AZE"]
[WhiteClock "0:01:06"]
[BlackClock "0:00:03"]

1. e4 c5 2. Nf3 e6 3. d4 cxd4 4. Nxd4 a6 5. c4 Nf6 6. Nc3 Qc7 7. Be3 b6 8. Be2 Bb7 9. Qc2 d6 10. g4 h6 11. h4 Nc6 12. Nxc6 Bxc6 13. O-O-O Qb7 14. f3 Nd7 15. Kb1 b5 16. Bf4 Ne5 17. c5 b4 18. Na4 Rc8 19. Nb6 Rd8 20. Bxe5 dxe5 21. Rxd8+ Kxd8 22. Qd2+ Kc7 23. Qxb4 Be7 24. Qa5 Bxe4+ 25. Ka1 Kb8 1-0

[Event "December 5 Early 2023"]
[Site "https://www.chess.com"]
[Date "2023.12.05"]
[Round "4"]
[White "Nguyen, Quoc Hy"]
[Black "Navara, David"]
[Result "1/2-1/2"]
[Board "14"]
[TimeControl "180+1"]
[WhiteFideId "12410853"]
[BlackFideId "309095"]
[WhiteElo "2814"]
[BlackElo "2975"]
[WhiteTeam "VIE"]
[BlackTeam "CZE"]
[WhiteClock "0:00:20"]
[BlackClock "0:00:08"]

1. d4 d5 2. Nf3 Nf6 3. Bf4 c5 4. e3 Nc6 5. c3 Qb6 6. Qc2 Nh5 7. Be5 f6 8. Bg3 e5 9. dxe5 Nxg3 10. hxg3 fxe5 11. Ng5 Bd7 12. Rxh7 Rxh7 13. Nxh7 O-O-O 14. Nxf8 Rxf8 15. Na3 Bg4 16. f3 c4 17. Qd2 Be6 18. O-O-O Qc5 19. Be2 Rd8 20. Nc2 Bf5 21. e4 dxe4 22. Qg5 Rxd1+ 23. Bxd1 Qf8 24. Ne3 Be6 25. fxe4 Kb8 26. Nd5 a6 27. Bf3 Qc5 28. Qe3 Qxe3+ 29. Nxe3 Kc7 30. Bg4 Bxg4 31. Nxg4 b5 32. Kd2 Kd6 33. Ne3 g6 34. Nd5 Nd8 35. Ke3 Ne6 36. Nb4 Nc5 37. Nd5 a5 38. Nf6 Na4 39. Nh7 Nxb2 40. Nf8 Na4 41. Kd2 Nc5 42. Ke3 Na4 43. Kd2 Nc5 44. Ke3 b4 45. cxb4 axb4 46. Nxg6 b3 47. axb3 cxb3 48. Kd2 Nxe4+ 49. Kc1 Kd5 50. Kb2 Nc5 51. g4 e4 52. g5 e3 53. Nf4+ Ke4 54. g6 Kxf4 55. g7 e2 56. g8=Q e1=Q 57. Qf8+ Kg3 58. Qxc5 Qf2+ 59. Qxf2+ Kxf2 60. Kxb3 Kxg2 1/2-1/2

[Event "December 5 Early 2023"]
[Site "https://www.chess.com"]
[Date "2023.12.05"]
[Round "4"]
[White "Hayrapetyan, Hovik"]
[Black "Shimanov, Aleksandr"]
[Result "1-0"]
[Board "15"]
[TimeControl "180+1"]
[WhiteFideId "13302639"]
[BlackFideId "4198603"]
[WhiteElo "2812"]
[BlackElo "2961"]
[WhiteTeam "ARM"]
[BlackTeam "RUS"]
[WhiteClock "0:00:08"]
[BlackClock "0:00:00"]

1. d4 d5 2. c4 e6 3. Nc3 Nf6 4. Nf3 Nbd7 5. Bf4 dxc4 6. e3 a6 7. a4 b6 8. Bxc4 Bb7 9. O-O Bb4 10. Qb3 Bxc3 11. bxc3 O-O 12. Rfd1 Rc8 13. Be2 a5 14. h3 Qe7 15. c4 h6 16. Rac1 Rfd8 17. Ne5 Nxe5 18. Bxe5 Nd7 19. Bg3 Nf6 20. f3 Qe8 21. c5 Bc6 22. Bb5 Bxb5 23. axb5 Nd5 24. e4 Nb4 25. c6 Qe7 26. Rc4 Kh8 27. Kh2 f6 28. Qe3 Qf7 29. Rd2 Kh7 30. h4 Qh5 31. d5 exd5 32. exd5 Rxd5 33. Qe4+ Kh8 34. Rxd5 Qxd5 35. Rxb4 Qc5 36. Rd4 Qxb5 37. Rd7 a4 38. Rxc7 Ra8 39. Qe7 Rg8 40. Qd6 Ra8 41. Rd7 Qa6 42. c7 Kh7 43. Rd8 a3 44. Rxa8 Qxa8 45. Qd3+ g6 46. Qd7+ 1-0

[Event "December 5 Early 2023"]
[Site "https://www.chess.com"]
[Date "2023.12.05"]
[Round "4"]
[White "Samunenkov, Ihor"]
[Black "Yilmaz, Mustafa"]
[Result "0-1"]
[Board "16"]
[TimeControl "180+1"]
[WhiteFideId "14187086"]
[BlackFideId "6302718"]
[WhiteElo "2775"]
[BlackElo "2948"]
[WhiteTeam "UKR"]
[BlackTeam "TUR"]
[WhiteClock "0:00:00"]
[BlackClock "0:00:23"]

1. d4 Nf6 2. Nc3 d5 3. Bf4 g6 4. e3 Bg7 5. h4 h5 6. Nf3 O-O 7. Ne5 c5 8. Qd2 Nc6 9. O-O-O cxd4 10. exd4 Qa5 11. Kb1 Bf5 12. Nxc6 bxc6 13. f3 c5 14. dxc5 Rab8 15. Bxb8 Rxb8 16. Nb5 Rxb5 17. Bxb5 Qxb5 18. Qc3 Nd7 19. Qb3 Qxc5 20. Rxd5 Bxc2+ 21. Qxc2 Qxd5 22. Rd1 Qb7 23. Qb3 Nb6 24. Rd8+ Kh7 25. Qxf7 Nd5 26. b3 Nc3+ 27. Kc2 Qa6 28. Qg8+ Kh6 0-1

[Event "December 5 Early 2023"]
[Site "https://www.chess.com"]
[Date "2023.12.05"]
[Round "4"]
[White "Mamedov, Edgar"]
[Black "Svane, Rasmus"]
[Result "0-1"]
[Board "17"]
[TimeControl "180+1"]
[WhiteFideId "13739980"]
[BlackFideId "4657101"]
[WhiteElo "2733"]
[BlackElo "2936"]
[WhiteTeam "KAZ"]
[BlackTeam "GER"]
[WhiteClock "0:00:01"]
[BlackClock "0:00:09"]

1. d4 Nf6 2. Bg5 d5 3. Nd2 e6 4. e3 Nbd7 5. Bd3 Be7 6. Ngf3 h6 7. Bh4 b6 8. O-O Bb7 9. c3 c5 10. Ne5 O-O 11. f4 Ne4 12. Bxe7 Qxe7 13. Nxd7 Qxd7 14. Nxe4 dxe4 15. Be2 cxd4 16. cxd4 Rac8 17. Qd2 Bd5 18. b3 Rc7 19. Rac1 Rfc8 20. Ba6 Rxc1 21. Rxc1 Rc7 22. Rc2 Qd6 23. Rxc7 Qxc7 24. Be2 a5 25. Kf2 g5 26. g3 Kg7 27. Qb2 gxf4 28. gxf4 Qe7 29. Kg3 Qb4 30. Qc1 a4 31. bxa4 Qxa4 32. a3 b5 33. Qc3 Bc4 34. d5+ Kg8 35. dxe6 Bxe6 36. Qc5 Bc4 37. Bh5 Qc2 38. f5 Qc3 39. Kf4 Qf6 40. Kxe4 Qh4+ 41. Ke5 Qxh5 42. Qe7 Qxh2+ 43. Kd4 Qd2+ 44. Kc5 Qc3 45. Qd8+ Kg7 46. Qd4+ Qxd4+ 47. Kxd4 h5 48. e4 f6 49. a4 bxa4 50. Kxc4 h4 0-1

[Event "December 5 Early 2023"]
[Site "https://www.chess.com"]
[Date "2023.12.05"]
[Round "4"]
[White "Hua, Lefong"]
[Black "Maksimovic, Bojan"]
[Result "0-1"]
[Board "18"]
[TimeControl "180+1"]
[WhiteFideId "2602253"]
[BlackFideId "14408120"]
[WhiteElo "2717"]
[BlackElo "2931"]
[WhiteTeam "CAN"]
[BlackTeam "BIH"]
[WhiteClock "0:00:12"]
[BlackClock "0:00:36"]

1. d4 a6 2. a4 g6 3. c4 Bg7 4. e4 d6 5. f4 Nc6 6. d5 Nb4 7. Nf3 Nf6 8. Nc3 O-O 9. Bd3 c6 10. a5 cxd5 11. cxd5 e6 12. dxe6 Bxe6 13. O-O Rc8 14. Re1 Re8 15. h3 Nd7 16. Bf1 Nc5 17. Ra3 b6 18. axb6 Qxb6 19. Be3 Qb8 20. Nd4 Bd7 21. Bf2 Qb7 22. Nd5 Nxd5 23. exd5 Rxe1 24. Qxe1 Qxb2 25. Qc3 Qxf2+ 26. Kxf2 Ne4+ 27. Ke3 Rxc3+ 28. Rxc3 Nxc3 29. Nc6 Nxd5+ 0-1

[Event "December 5 Early 2023"]
[Site "https://www.chess.com"]
[Date "2023.12.05"]
[Round "4"]
[White "Volkov, Maksim"]
[Black "Rasulov, Vugar"]
[Result "1-0"]
[Board "19"]
[TimeControl "180+1"]
[WhiteFideId "54123070"]
[BlackFideId "13402390"]
[WhiteElo "2694"]
[BlackElo "2923"]
[WhiteTeam "RUS"]
[BlackTeam "AZE"]
[WhiteClock "0:00:11"]
[BlackClock "0:00:05"]

1. d4 Nf6 2. c4 e6 3. g3 c5 4. d5 exd5 5. cxd5 d6 6. Nc3 g6 7. Bg2 Bg7 8. Nf3 O-O 9. O-O Re8 10. Bf4 h6 11. Re1 g5 12. Bd2 Bf5 13. h4 g4 14. Nh2 Bg6 15. Nf1 Nbd7 16. Bf4 Ne5 17. Qc1 Kh7 18. Ne3 a6 19. a4 Rb8 20. a5 h5 21. Bg5 b5 22. axb6 Qxb6 23. Ra2 Nfd7 24. Be4 c4 25. Nf5 Nc5 26. Nxg7 Kxg7 27. Bxg6 fxg6 28. Be3 Qc7 29. Kg2 a5 30. Qd2 Nb3 31. Qc2 Nf7 32. Bf4 Qc5 33. Rd1 Re7 34. Ne4 Qb4 35. Nc3 Rbe8 36. Ra4 Qc5 37. Be3 Rxe3 38. fxe3 Qxe3 39. Rxc4 Nc5 40. Rf4 Ne5 41. Rdf1 Re7 42. Ne4 Qb3 43. Qxb3 Nxb3 44. Nxd6 Rd7 45. Ne8+ Kh6 46. Nf6 Rd6 47. e4 Nd2 48. Rd1 Ndc4 49. Kg1 Nxb2 50. Rb1 Ned3 51. Rff1 a4 52. e5 Rd8 53. e6 a3 54. e7 Ra8 55. e8=Q Rxe8 56. Nxe8 Ne5 57. d6 g5 58. Nf6 gxh4 59. gxh4 Kg6 60. d7 Nc6 61. Nd5 Nd8 62. Ra1 Nc4 63. Rfc1 Ne5 64. Nb6 Nf3+ 65. Kf2 Nxh4 66. Rxa3 Nf5 67. Ra8 Ne6 68. d8=Q Nxd8 69. Rxd8 h4 70. Rc6+ Kg5 71. Rg8+ Kf4 72. Rc4+ Ke5 73. Rcxg4 1-0

[Event "December 5 Early 2023"]
[Site "https://www.chess.com"]
[Date "2023.12.05"]
[Round "4"]
[White "Bodnar, Nikolay"]
[Black "Vokhidov, Shamsiddin"]
[Result "0-1"]
[Board "20"]
[TimeControl "180+1"]
[WhiteFideId "14106469"]
[BlackFideId "14204223"]
[WhiteElo "2633"]
[BlackElo "2921"]
[WhiteTeam "UKR"]
[BlackTeam "UZB"]
[WhiteClock "0:00:09"]
[BlackClock "0:00:21"]

1. e4 c5 2. Nf3 e6 3. d4 cxd4 4. Nxd4 Nc6 5. Nb5 d6 6. c4 Nf6 7. N1c3 a6 8. Nd4 Bd7 9. Be3 Rc8 10. Rc1 Ne5 11. b3 Neg4 12. Bg5 Qb6 13. Qd2 Be7 14. f3 Ne5 15. Be3 Qc7 16. Be2 O-O 17. O-O Qb8 18. Rfd1 Rfd8 19. Bf1 Be8 20. Kh1 h5 21. Qf2 Ng6 22. h3 Bf8 23. g4 hxg4 24. hxg4 Be7 25. Kg1 Ne5 26. Be2 Nc6 27. g5 Nd7 28. Nxc6 bxc6 29. Kg2 d5 30. Rh1 f6 31. exd5 cxd5 32. cxd5 Qe5 33. dxe6 Nf8 34. Qh4 Nxe6 35. Qh7+ Kf8 36. Qh8+ Kf7 37. Bc4 Rxc4 38. bxc4 Nxg5 39. Nd5 Rxd5 40. cxd5 Qxe3 41. Qh5+ g6 42. Qg4 Qe2+ 43. Kg3 Bd6+ 44. f4 Ne4+ 45. Kh4 Qf2+ 46. Kh3 f5 47. Qg2 Qe3+ 48. Kh4 Qxf4+ 49. Kh3 Qh6# 0-1

[Event "December 5 Early 2023"]
[Site "https://www.chess.com"]
[Date "2023.12.05"]
[Round "4"]
[White "Kovalev, Vladislav"]
[Black "Bolat, Inayat"]
[Result "1-0"]
[Board "21"]
[TimeControl "180+1"]
[WhiteFideId "13504398"]
[BlackFideId "13733125"]
[WhiteElo "2914"]
[BlackElo "2419"]
[WhiteTeam "FID"]
[BlackTeam "KAZ"]
[WhiteClock "0:00:09"]
[BlackClock "0:00:01"]

1. e4 e5 2. Nf3 Nc6 3. Bb5 a6 4. Ba4 d6 5. O-O Bd7 6. d4 exd4 7. Bxc6 bxc6 8. Re1 c5 9. e5 Be7 10. c3 Bg4 11. h3 Bh5 12. cxd4 Qd7 13. dxc5 dxc5 14. Qe2 Nh6 15. Nc3 Nf5 16. Qe4 O-O 17. g4 Bg6 18. gxf5 Bxf5 19. Qf4 Bxh3 20. Be3 Qe6 21. Qg3 h5 22. Bg5 Bg4 23. Bxe7 Qxe7 24. Nh2 Be6 25. Ne4 g6 26. Nf6+ Kg7 27. Qg5 Qd8 28. Nxh5+ Kg8 29. Nf6+ Kg7 30. Rad1 Qb8 31. Nh5+ Kg8 32. Re3 Qb4 33. Qh6 gxh5 34. Qg5+ Kh7 35. Qxh5+ Kg7 36. Rg3+ Bg4 37. Rxg4+ 1-0

[Event "December 5 Early 2023"]
[Site "https://www.chess.com"]
[Date "2023.12.05"]
[Round "4"]
[White "YurasovMat-2012"]
[Black "Vasquez Schroeder, Rodrigo"]
[Result "0-1"]
[Board "22"]
[TimeControl "180+1"]
[BlackFideId "3400042"]
[WhiteElo "2343"]
[BlackElo "2912"]
[BlackTeam "CHI"]
[WhiteClock "0:00:00"]
[BlackClock "0:00:18"]

1. e4 c5 2. Nf3 d6 3. Bb5+ Nc6 4. d4 cxd4 5. Nxd4 Bd7 6. O-O Nf6 7. Re1 e6 8. c4 Qc7 9. Nc3 Be7 10. Bg5 a6 11. Ba4 Ne5 12. Bxd7+ Nexd7 13. Rc1 Rc8 14. Be3 O-O 15. h3 b6 16. Qe2 Qb7 17. Bg5 Rfe8 18. b3 Rc5 19. Bh4 Rec8 20. a4 R5c7 21. Bg3 Nc5 22. Qc2 Ncd7 23. Rcd1 h6 24. Qe2 Ne5 25. Bxe5 dxe5 26. Nf3 Bb4 27. Qc2 Nd7 28. Re2 f6 29. Ne1 Nb8 30. Nd3 Be7 31. Ree1 Nc6 32. Ne2 Rd7 33. f4 exf4 34. Ndxf4 Bc5+ 35. Kh1 Re8 36. Rxd7 Qxd7 37. Rd1 Qc7 38. Qd3 Rd8 39. Qb1 Kf7 40. Rf1 Ne5 41. Qe1 Nd3 42. Nxd3 Rxd3 43. Qb1 Re3 44. Nf4 Qe5 45. Qd1 Bd6 46. Qd2 Rxe4 47. g3 g5 48. Nh5 f5 49. Rd1 Ke7 50. Qf2 Re2 51. Qf3 Qe4 52. Qxe4 Rxe4 53. Rd3 Be5 54. Kg1 a5 55. Kf2 Rd4 56. Rf3 Rd2+ 57. Ke1 Rb2 58. Re3 Bd4 59. Rd3 Be5 60. Re3 Kd6 61. Kd1 Rh2 62. Rd3+ Kc5 63. g4 f4 64. Ke1 Bd4 65. Kf1 Rb2 66. Ke1 e5 67. Nf6 Rh2 68. Ne4+ Kb4 69. Kf1 Rb2 70. Nd2 Bc3 71. Ne4 Rxb3 72. Rd6 Bd4 73. Rxh6 Re3 74. Nd6 Rf3+ 75. Ke2 Rf2+ 76. Kd3 Rf3+ 77. Ke4 Re3+ 78. Kd5 f3 79. Rf6 Rd3 80. Ke4 Re3+ 81. Kd5 Bc5 82. Ne4 Rd3+ 83. Kc6 Bd4 84. Nd6 Re3 85. Nf5 Rc3 86. Nd6 Bc5 87. Nb5 Rxc4 88. Rxf3 Be3+ 89. Kd5 Bf4 0-1

[Event "December 5 Early 2023"]
[Site "https://www.chess.com"]
[Date "2023.12.05"]
[Round "4"]
[White "Andreikin, Dmitry"]
[Black "Bacrot, Etienne"]
[Result "1-0"]
[Board "23"]
[TimeControl "180+1"]
[WhiteFideId "4158814"]
[BlackFideId "605506"]
[WhiteElo "3087"]
[BlackElo "2832"]
[WhiteTeam "FID"]
[BlackTeam "FRA"]
[WhiteClock "0:00:19"]
[BlackClock "0:00:34"]

1. c4 e6 2. Nc3 d5 3. d4 Be7 4. Bf4 Nf6 5. e3 O-O 6. a3 b6 7. cxd5 Nxd5 8. Nxd5 exd5 9. Nf3 c5 10. Ne5 f6 11. Nf3 Bf5 12. dxc5 bxc5 13. Be2 Qa5+ 14. b4 cxb4 15. axb4 Qxb4+ 16. Kf1 Be4 17. Nd4 Rc8 18. Bg4 Rc5 19. Be6+ Kh8 20. f3 Bg6 21. h4 Nc6 22. h5 Nxd4 23. Qxd4 Qxd4 24. exd4 Bd3+ 25. Kf2 Rc2+ 26. Kg3 Bc4 27. Rhb1 g5 28. hxg6 hxg6 29. Rh1+ Kg7 30. Bh6+ 1-0

[Event "December 5 Early 2023"]
[Site "https://www.chess.com"]
[Date "2023.12.05"]
[Round "4"]
[White "Rustemov, Alexander"]
[Black "Bluebaum, Matthias"]
[Result "1-0"]
[Board "24"]
[TimeControl "180+1"]
[WhiteFideId "4119002"]
[BlackFideId "24651516"]
[WhiteElo "2820"]
[BlackElo "3045"]
[WhiteTeam "RUS"]
[BlackTeam "GER"]
[WhiteClock "0:00:06"]
[BlackClock "0:00:03"]

1. d4 d5 2. c4 e6 3. Nc3 Bb4 4. cxd5 exd5 5. Nf3 Nf6 6. Bg5 O-O 7. e3 c5 8. dxc5 Nbd7 9. Bd3 h6 10. Bxf6 Nxf6 11. O-O Bxc5 12. h3 Be6 13. Rc1 Rc8 14. Nb5 a6 15. Nbd4 Bd7 16. Bf5 Bxf5 17. Nxf5 Qd7 18. Qd3 Rfd8 19. Rfd1 Bf8 20. N5d4 Qe8 21. g3 Ne4 22. Kg2 g6 23. Rc2 Rxc2 24. Qxc2 Nc5 25. Ne2 Ne6 26. Nfd4 Rc8 27. Qd3 Nc5 28. Qb1 Qe4+ 29. Kg1 Qxb1 30. Rxb1 Nd3 31. b3 Ba3 32. Rd1 Nb4 33. Rd2 Bc1 34. Nxc1 Rxc1+ 35. Kg2 Kf8 36. a3 Nc6 37. Nxc6 bxc6 38. Rd4 Rc3 39. Rb4 Ke7 40. Rb7+ Ke6 41. a4 a5 42. g4 f5 43. Ra7 Rxb3 44. Rxa5 fxg4 45. hxg4 Rb4 46. Kg3 h5 47. gxh5 gxh5 48. Ra8 c5 49. a5 Ra4 50. a6 Kd7 51. f4 Kc7 52. f5 Rg4+ 53. Kf3 Kb6 54. a7 Kb7 55. Rd8 Kxa7 56. Rxd5 Kb6 57. f6 Rg8 58. Rxh5 Rf8 59. Rh6 Kb5 60. Kf4 c4 61. e4 c3 62. Kf5 Kc5 63. e5 Kd5 64. Rh1 c2 65. Rc1 Rc8 66. f7 Rc3 67. Kf6 Rf3+ 68. Ke7 Rf2 69. Rxc2 Rxc2 70. f8=Q Rc6 71. Qf6 Rc7+ 72. Kd8 Ra7 73. Qd6+ Ke4 74. e6 Ra8+ 75. Ke7 Kf5 76. Kf7 Ra7+ 77. e7 Kg5 78. Qe5+ Kh6 79. Kf8 Ra6 80. Qg7+ Kh5 81. e8=Q+ Kh4 82. Qe4+ Kh3 83. Qh1# 1-0